[Event "44th Chess Olympiad Women 2022"]
[Site "Chennai"]
[Date "2022.08.01"]
[Round "4.24"]
[White "Nunez Giler, Fanny"]
[Black "Rodriguez Rueda, Paula Andrea"]
[Result "0-1"]
[WhiteElo "1660"]
[BlackElo "2237"]
[Annotator "NA RC"]
[PlyCount "100"]
[EventDate "2022.??.??"]
[TimeControl "60"]

1. e4 c5 2. Nf3 d6 3. d4 cxd4 4. Nxd4 Nf6 5. f3 e5 6. Bb5+ Nbd7 7. Nb3 Be7 8. Bg5 O-O 9. Nc3 Nb6 10. Qd2 h6 11. Bxf6 Bxf6 12. O-O Bg5 13.
Qd3 Be6 14. Qe2 Rc8 15. Rfd1 Qc7 16. Qf2 a6 17. Bd3 Rfd8 18. Kh1 Nc4 19. Bxc4 Bxc4 20. Nd2 Be6 21. Nf1 b5 22. a3 Rd7 23. h4 Bd8 24. Rd2 Qc6 25. Rad1 Ba5 26. Ne3 Bxc3 27. bxc3 Qxc3 28. Rd3 Qa5 29. Qd2 Qxd2 30. R3xd2 Rc3 31. Rd3 Rdc7 32. R1d2 Rxd3 33. Rxd3 Rc6 34. Kg1 Kf8 35. Kf2 Ke7 36. g3 g6 37. f4 f5 38. Kf3 Kf6 39. g4 fxg4+ 40. Nxg4+ Bxg4+ 41. Kxg4 Ke6 42. f5+ gxf5+ 43. exf5+ Kf6 44. c3 Rc4+ 45. Kh5 Kxf5 46. Rxd6 e4 47. Rxa6 e3 48. Ra8 e2 49. Rf8+ Ke4 50. Kxh6 Ke3 0-1

[Event "44th Chess Olympiad Women 2022"]
[Site "Chennai"]
[Date "2022.08.01"]
[Round "4.24"]
[White "Ortiz Verdezoto, Anahi"]
[Black "Chirivi C, Jenny Astrid"]
[Result "1-0"]
[WhiteElo "2046"]
[BlackElo "2157"]
[Annotator "RC"]
[PlyCount "111"]
[EventDate "2022.??.??"]
[TimeControl "60"]

1. d4 Nf6 2. c4 e6 3. Nc3 Bb4 4. e3 O-O 5. Nge2 Re8 6. a3 Bf8 7. Ng3 d5 8. Bd3 b6 9. O-O Bb7 10. b4 Nbd7 11. Rb1 c6 12. c5 e5 13. a4 g6 14. f4 exd4 15.
exd4 bxc5 16. bxc5 Qc8 17. f5 Bg7 18. fxg6 fxg6 19. Nce2 Ba6 20. Bf4 Bxd3 21. Qxd3 Ne4 22. a5 a6 23. Rb4 Qd8 24. Rb7 Kh8 25.
Qf3 g5 26. Nh5 Qe7 27. Nxg7 Qxg7 28. Qh3 Re7 29. Rxd7 gxf4 30. Rxe7 Qxe7 31. Nxf4 Rg8 32. Qe6 Qg7 33. Qe5 Qxe5 34. dxe5 Re8 35. Nd3 Rb8 36. h3 Kg7 37. h4 h5 38. e6 Nf6 39. Re1 Re8 40. Nf4 Ne4 41. Nxh5+ Kg6 42. g4 Nxc5 43. Rc1 Nb3 44. Rxc6 Nxa5 45. Rxa6 Nc4 46. Nf4+ Kf6 47. Nxd5+ Ke5 48. Nc7 Re7 49. Rc6 Ne3 50. g5 Nf5 51. Rc5+ Ke4 52. h5 Rg7 53. g6 Kf4 54. Nd5+ Kg4 55. e7 Nxe7 56. Nxe7 1-0

[Event "44th Chess Olympiad Women 2022"]
[Site "Chennai"]
[Date "2022.08.01"]
[Round "4.25"]
[White "Bacic, Kristina"]
[Black "Terao, Juliana Sayumi"]
[Result "0-1"]
[WhiteElo "1866"]
[BlackElo "2223"]
[Annotator "NA RC"]
[PlyCount "102"]
[EventDate "2022.??.??"]
[TimeControl "60"]

1. d4 d5 2. Nf3 Nf6 3. g3 c5 4. c3 e6 5. Bg2 Nc6 6. O-O Be7 7. dxc5 Bxc5 8. Bg5 h6 9. Bxf6 Qxf6 10. Nbd2 O-O 11. e4 Rd8 12. exd5 exd5 13. Nb3 Bb6 14. Nbd4 Bg4 15. Nxc6 bxc6 16. Qd3 a5 17. b4 Bf5 18. Qd2 Be4 19. Qf4 Qxf4 20. gxf4 axb4 21. cxb4 Bd3 22. Rfd1 Ra3 23. Ne5 Bb5 24. Bf1 Ba4 25. Rd3 Rxd3 26. Nxd3 Bd4 27. Rc1 Rd6 28. Kg2 Rf6 29. Kg3 g5 30. fxg5 hxg5 31. f3 Be3 32. Re1 d4 33. Nc5 Bc2 34. Bd3 Bxd3 35. Nxd3 Kf8 36. Kg2 Rd6 37. a4 Rd8 38. Rd1 Rb8 39. Rb1 Ke7 40. Ne5 Kd6 41. Nxf7+ Kd5 42. Nh6 c5 43. b5 c4 44. Nf5 Bf4 45. Ne7+ Kc5 46. Ng6 c3 47. Nxf4 gxf4 48. Kf2 d3 49. Rg1 c2 50. Rg6 Kb4 51. Rc6 d2 0-1

[Event "44th Chess Olympiad Women 2022"]
[Site "Chennai"]
[Date "2022.08.01"]
[Round "4.25"]
[White "Gazola, Vanessa Ramos"]
[Black "Popovic, Mateja"]
[Result "1-0"]
[WhiteElo "2000"]
[BlackElo "1634"]
[Annotator "NA RC"]
[PlyCount "57"]
[EventDate "2022.??.??"]
[TimeControl "60"]

1. d4 Nf6 2. c4 e6 3. Nf3 Bb4+ 4. Bd2 Qe7 5. g3 Nc6 6. Bg2 Bxd2+ 7. Nbxd2 d6 8. e4 a5 9. O-O e5 10. d5 Nb8 11. Ne1 Bd7 12. Nd3 Na6 13.
b3 b6 14. a3 Nc5 15. Nb2 b5 16. Qc2 bxc4 17. Nbxc4 O-O 18. Qc3 Bb5 19. Rfc1 Bxc4 20. Qxc4 Nfd7 21. Qc2 Rfb8 22. Rab1 Na6 23. Bf1 Ndc5 24. Nc4 a4 25. bxa4 Qd7 26. a5 Nb7 27. Nd2 Nac5 28. a6 Nxa6 29. Bxa6 1-0

[Event "44th Chess Olympiad Women 2022"]
[Site "Chennai"]
[Date "2022.08.01"]
[Round "4.25"]
[White "Librelato, Kathie Goulart"]
[Black "Koljevic, Nikolina"]
[Result "1-0"]
[WhiteElo "2255"]
[BlackElo "2014"]
[Annotator "NA RC"]
[PlyCount "77"]
[EventDate "2022.??.??"]
[TimeControl "60"]

1. e4 c6 2. Nc3 d5 3. Nf3 Bg4 4. h3 Bxf3 5. Qxf3 e6 6. Be2 Nd7 7. O-O Ngf6 8. d4 dxe4 9. Nxe4 Nxe4 10. Qxe4 Nf6 11. Qd3 Qc7 12. c4 Rd8 13. Rd1 Be7 14. Be3 O-O 15. Rac1 h6 16. Bf3 Qb8 17. Qc3 Bd6 18. b4 Bf4 19. a4 a6 20. Rb1 Rc8 21. b5 axb5 22. axb5 Bxe3 23. fxe3 Qc7 24. Qb3 cxb5 25. c5 e5 26. Qxb5 e4 27. Be2 Qg3 28. Rb3 Rc7 29. d5 Rfc8 30.
d6 Rxc5 31. d7 Nxd7 32. Qxd7 Rc2 33. Qg4 Qe5 34. Rxb7 Qc3 35. Kf2 Qf6+ 36. Kg1 Qc3 37. Kh1 Qxe3 38. Qf5 Rf8 39. Rxf7 1-0

[Event "44th Chess Olympiad Women 2022"]
[Site "Chennai"]
[Date "2022.08.01"]
[Round "4.25"]
[White "Milovic, Aleksandra"]
[Black "Alboredo, Julia"]
[Result "1/2-1/2"]
[WhiteElo "2129"]
[BlackElo "2264"]
[Annotator "NA RC"]
[PlyCount "88"]
[EventDate "2022.??.??"]
[TimeControl "60"]

1. d4 d5 2. Nc3 Nf6 3. Bf4 e6 4. e3 a6 5. h4 c5 6. dxc5 Bxc5 7. Bd3 Nc6 8. Nf3 Qe7 9. Ne5 Bd6 10. Ng4 Bxf4 11. exf4 Nd7 12. g3 h5 13. Nh2 b5 14. O-O Nf6 15. Nf3 O-O 16. Re1 Qc5 17. Qe2 Nb4 18.
Ne5 Bb7 19. a3 Nxd3 20. cxd3 Rad8 21. Rac1 Qb6 22. Red1 a5 23. d4 Ba6 24. b4 Rc8 25. Nd3 axb4 26. axb4 Rc4 27. Nc5 Rxb4 28. f5 Bc8 29. Rb1 Rxb1 30. Rxb1 b4 31. Na2 exf5 32. Rxb4 Qd6 33. Nc3 f4 34. Qe5 Qc6 35. Qxf4 Re8 36. Rb1 Ne4 37. N3xe4 dxe4 38. Re1 f5 39. Qg5 Rf8 40. Qe7 Qd5 41. Qe5 Qxe5 42. dxe5 Rd8 43. e6 Re8 44. f3 Bxe6 1/2-1/2

[Event "44th Chess Olympiad Women 2022"]
[Site "Chennai"]
[Date "2022.08.01"]
[Round "4.26"]
[White "Mayeregger Gonzalez, Renata"]
[Black "Hapala, Elisabeth"]
[Result "1-0"]
[WhiteElo "1479"]
[BlackElo "2113"]
[Annotator "NA RC"]
[PlyCount "106"]
[EventDate "2022.??.??"]
[TimeControl "60"]

1. e4 c5 2. Nc3 e6 3. g3 Nc6 4. Nge2 Nf6 5. Bg2 Be7 6. O-O O-O 7. d3 d6 8. h3 Rb8 9. a4 a6 10. g4 b5 11. axb5 axb5 12. Ng3 b4 13. Nce2 Bb7 14. f4 Nd7 15. Be3 Ra8 16. Rxa8 Qxa8 17. f5 Qa2 18. b3 Rc8 19. g5 Nd4 20. Bxd4 cxd4 21. fxe6 fxe6 22. Nxd4 Qa7 23. Qa1 Qc5 24. Kh2 e5 25. Ne6 Qxc2 26. Nf5 Bf8 27. Nxf8 Rxf8 28. Ne7+ Kh8 29. Rxf8+ Nxf8 30. Qf1 Ng6 31. Qf7 Nxe7 32. Qxe7 Qc8 33. Qxd6 Qe8 34. Qxb4 Qf7 35. Kg1 g6 36. Qd6 Qxb3 37. Qxe5+ Kg8 38. Qe8+ Kg7 39. Qd7+ Kg8 40. Kh2 Qb2 41. Qd8+ Kg7 42. Qf6+ Qxf6 43. gxf6+ Kxf6 44. e5+ Kxe5 45. Bxb7 g5 46. Kg3 Kd4 47. Be4 h5 48. h4 g4 49. Kf4 Kc3 50. Bg6 Kd4 51. Bxh5 Kxd3 52. Bxg4 Kd4 53. Kf5 Kd5 1-0

[Event "44th Chess Olympiad Women 2022"]
[Site "Chennai"]
[Date "2022.08.01"]
[Round "4.26"]
[White "Mayrhuber, Nikola"]
[Black "Montiel Caceres, Helen"]
[Result "1-0"]
[WhiteElo "2141"]
[BlackElo "1763"]
[Annotator "NA RC"]
[PlyCount "113"]
[EventDate "2022.??.??"]
[TimeControl "60"]

1. d4 Nf6 2. c4 e6 3. Nc3 Bb4 4. Bd2 O-O 5. Nf3 d5 6. e3 b6 7. cxd5 exd5 8. Rc1 c5 9. a3 Bxc3 10. Bxc3 Ne4 11. Be2 Bb7 12. O-O Nd7 13. Be1 Rc8 14. Bb5 Ndf6 15. Ne5 Nd6 16. Bd3 Nd7 17. Qh5 g6 18. Qh6 Nxe5 19. dxe5 Nc4 20. Bxc4 dxc4 21. f3 Bd5 22. Bh4 f6 23. Bxf6 Rxf6 24. exf6 Qxf6 25. Rcd1 Bf7 26. Rd2 c3 27. bxc3 Qxc3 28. Rfd1 Re8 29. Rd3 Qf6 30. e4 Be6 31. h4 Qg7 32. Qf4 c4 33. Rd8 Qe7 34. Rxe8+ Qxe8 35. Qc7 Qf7 36. Rd8+ Kg7 37. Qe5+ Qf6 38. Qc7+ Bf7 39. Rd7 Qa1+ 40. Kh2 Qf6 41. Kg1 Qa1+ 42. Kf2 Qf6 43. Qxc4 Qxh4+ 44. Ke2 Qf6 45. Rxa7 Qb2+ 46. Kf1 Qa1+ 47. Kf2 Qb2+ 48. Kg3 Qe5+ 49. f4 Qf6 50. e5 Qf5 51. e6 Kh6 52. exf7 Kh5 53. f8=Q Qg4+ 54. Kf2 Qh4+ 55. Ke2 Qg4+ 56. Kd2 Qxg2+ 57. Qe2+ 1-0

[Event "44th Chess Olympiad Women 2022"]
[Site "Chennai"]
[Date "2022.08.01"]
[Round "4.26"]
[White "Perez, Dalila"]
[Black "Trippold, Denise"]
[Result "1/2-1/2"]
[WhiteElo "1799"]
[BlackElo "2151"]
[Annotator "ChessBase"]
[PlyCount "193"]
[EventDate "2022.??.??"]
[TimeControl "60"]

1. d4 Nf6 2. Nf3 e6 3. g3 d5 4. Bg2 b5 5. O-O Nbd7 6. a4 b4 7. c4 bxc3 8. bxc3 Ba6 9. Ba3 Bd6 10. Nbd2 O-O 11. Re1 Rb8 12. Qc1 Qe7 13. e4 Nxe4 14. Nxe4 dxe4 15. Bxd6 cxd6 16. Rxe4 Rfc8 17. Qc2 h6 18. Rh4 Bb7 19. Rc1 Bd5 20. Qe2 Bxf3 21. Qxf3 d5 22. Qe3 Qg5 23. Rf4 Rb3 24. h4 Qd8 25. Rf3 Nb6 26. Qf4 Qc7 27. Qd2 Nc4 28. Qd1 Rcb8 29. Bf1 Qa5 30. Bd3 Nb2 31. Qc2 Qxa4 32. Kg2 Nxd3 33. Qxd3 Rc8 34. Qd1 Qb5 35. g4 Rb2 36. Ra1 a5 37. Re3 g6 38. Qc1 Ra8 39. Rf3 Kg7 40. Qf4 Ra7 41. Qf6+ Kh7 42. h5 g5 43. Qe5 Qe8 44. Qe3 Qe7 45. Qc1 Rbb7 46. Ra4 Kg7 47. Qa1 Qc7 48. Qa2 Qb6 49. Qe2 Qd6 50. Qa2 Qb6 51. Qe2 Qb5 52. Qe5+ Kh7 53. Rf6 Ra8 54. Ra3 a4 55. c4 Qc6 56. c5 Qc7 57. Qe3 Rb4 58.
Rf3 Ra7 59. Qc3 Rc4 60. Qd3+ Kg7 61. Qe3 Rb7 62. Qd2 Rb1 63. Rac3 Rcb4 64. Qe3 Ra1 65. Qe5+ Qxe5 66. dxe5 Rb7 67. c6 Rc7 68. Rfd3 Rb1 69. Rd4 Rb6 70. Rxa4 Rbxc6 71. Re3 Rc4 72. Rxc4 Rxc4 73. Kf3 Rf4+ 74. Kg3 f6 75. exf6+ Kxf6 76. Rf3 e5 77. Ra3 d4 78. Ra6+ Ke7 79. Rxh6 d3 80. Rh7+ Ke6 81. Rh6+ Kd5 82. Rh8 Rd4 83. Kf3 Rf4+ 84. Ke3 Rxg4 85. Kxd3 Rh4 86. h6 Rh3+ 87. Ke2 Ke6 88. h7 Kf7 89. Rg8 Rxh7 90. Rxg5 Kf6 91. Rg3 Ra7 92. Rb3 Kf5 93. Ke3 Rh7 94. Rb4 Rh3+ 95. Ke2 e4 96. Rb8 Ra3 97. Rf8+ 1/2-1/2

[Event "44th Chess Olympiad Women 2022"]
[Site "Chennai"]
[Date "2022.08.01"]
[Round "4.27"]
[White "Asgharzadeh, Mitra"]
[Black "Ogbiyoyo, Perpetual Eloho"]
[Result "1-0"]
[WhiteElo "1988"]
[BlackElo "1886"]
[Annotator "NA RC"]
[PlyCount "122"]
[EventDate "2022.??.??"]
[TimeControl "60"]

1. d4 Nf6 2. Nf3 b6 3. e3 Bb7 4. Bd3 g6 5. O-O Bg7 6. c4 O-O 7. Nc3 d5 8. b3 c5 9. Bb2 cxd4 10. exd4 e6 11. Rc1 Nc6 12. Ba3 Re8 13.
Re1 a6 14. cxd5 Nxd5 15. Nxd5 exd5 16. Rxe8+ Qxe8 17. Bf1 Qe6 18. Qd2 Re8 19. Qf4 Qd7 20. Bd3 h6 21. h4 h5 22. Bd6 Qg4 23.
Qxg4 hxg4 24. Ne5 Nxd4 25. Nxf7 Bc6 26. Ng5 Bb5 27. Rd1 Bxd3 28. Rxd3 Nf5 29. Bf4 Re1+ 30. Kh2 d4 31. g3 Re2 32. Kg1 Bf8 33. Rd2 Re1+ 34. Kg2 Bb4 35. Rd3 Bc3 36. f3 Re2+ 37. Kf1 gxf3 38. Nxf3 Rxa2 39. g4 Ra1+ 40. Kg2 Ne7 41. Nxd4 Nd5 42. Bg3 Rd1 43. Rxd1 Ne3+ 44. Kf3 Nxd1 45. Ke4 Kf7 46. Kd3 b5 47. Nf3 Bg7 48. Ng5+ Ke7 49. Ne4 Nb2+ 50. Kc2 Ke6 51. Bf4 Kd5 52. Ng5 a5 53. Bc1 Nc4 54. bxc4+ Kxc4 55. Ne6 Be5 56. h5 gxh5 57. gxh5 b4 58. Bb2 Bd6 59. h6 a4 60. h7 a3 61. h8=Q Kd5 1-0

[Event "44th Chess Olympiad Women 2022"]
[Site "Chennai"]
[Date "2022.08.01"]
[Round "4.27"]
[White "Enomah Emmanuella Trust"]
[Black "Alinasab, Mobina"]
[Result "0-1"]
[WhiteElo "1901"]
[BlackElo "2364"]
[Annotator "TA"]
[PlyCount "68"]
[EventDate "2022.??.??"]
[TimeControl "60"]

1. c4 b6 2. e4 Bb7 3. Nc3 c5 4. g3 Nc6 5. Bg2 g6 6. Nge2 {[%emt 0:01:07] A34: Symmetrical English: 2 Nc3, lines with ...d5.
} Bg7 {[%emt 0:00:51] Against d4} 7. d3 d6 8.
Be3 Nf6 9. h3 Rc8 10. Qd2 {[%emt 0:00:34] [#]} h5 $146 ({Predecessor:} 
10... a6 11. O-O O-O 12. Bh6 Bxh6 13. Qxh6 b5 14. Qd2 Qa5 15. f4 Ba8 16. Rad1
Nd7 {0-1 (61) Volosin,V (2340)-Horvath,T (2395) Eger 1997}) 11. O-O Qd7 12. f4 O-O 13.
f5 e6 14. fxg6 (14. Bg5 $16)
14... fxg6 $11 15. Rf2 Ne7 16. Raf1 Nh7 17. Rxf8+ Nxf8 18. Bh6 (18. h4 $14) 18... Nc6 19. Bxg7 Qxg7 20. h4 Rd8 21. Nf4 Nd4 22. Kh2 Bc8 23. Nh3 Nh7 24. Ng5 Nf6 25.
Bh3 Rf8 26. Kg2 Nh7 27. Rxf8+ Qxf8 28. Qf2 Nxg5 29. Qxf8+ Kxf8 30. hxg5 {[%emt 0:00:06] KBN-KBN} Ke7 31. Kf2 Nc6 {[%emt 0:07:44] next ...Ne5 is good for Black.} 32. Ne2 Kf7 33. Ke3 Ne7 34. Nc3 Bd7 {[%emt 0:00:20] Weighted Error Value:
White=0.12 (very precise) /Black=0.10 (very precise) . Loss on time!?} 0-1

[Event "44th Chess Olympiad Women 2022"]
[Site "Chennai"]
[Date "2022.08.01"]
[Round "4.27"]
[White "Mahdian, Anousha"]
[Black "Ofowino, Toritsemuwa"]
[Result "1-0"]
[WhiteElo "2161"]
[BlackElo "1870"]
[Annotator "NA RC"]
[PlyCount "103"]
[EventDate "2022.??.??"]
[TimeControl "60"]

1. d4 d5 2. c4 c6 3. cxd5 cxd5 4. Bf4 Nf6 5. e3 Qb6 6. Nc3 Qxb2 7. Qc1 Qxc1+ 8. Rxc1 Bd7 9. Nf3 e6 10. Ne5 Bb4 11. Bd3 Nc6 12. Nxd7 Kxd7 13. Ke2 Nh5 14. Be5 f6 15. Bg3 Nxg3+ 16. hxg3 f5 17. Na4 Rac8 18. Rb1 Rc7 19. g4 g6 20. gxf5 gxf5 21. Rh5 h6 22. g4 fxg4 23. Rg1 Ne7 24. Nb2 Ba3 25. Nd1 Rc1 26. Bb5+ Kd6 27. Ba4 b5 28. Bxb5 Rc2+ 29. Kf1 Rxa2 30. Rxg4 Rb8 31. Be2 Rb1 32. Rxh6 Raa1 33. Rf4 Rxd1+ 34. Bxd1 Rxd1+ 35. Ke2 Rb1 36.
Rff6 Rb2+ 37. Kf3 a5 38. Rxe6+ Kd7 39. Ra6 Bb4 40. Rhf6 Be1 41. Ra7+ Ke8 42. Kg2 Bb4 43. Kh3 Rc2 44. Kg4 Be1 45. Re6 Bb4 46. f4 Kf7 47. f5 Rf2 48. Rh6 Kg7 49. Rb6 Kg8 50. f6 Ng6 51.
Rg7+ Kf8 52. Rb8# 1-0

[Event "44th Chess Olympiad Women 2022"]
[Site "Chennai"]
[Date "2022.08.01"]
[Round "4.27"]
[White "Suleiman Azumi Ayisha"]
[Black "Zahedifar, Anahita"]
[Result "0-1"]
[WhiteElo "1833"]
[BlackElo "2160"]
[Annotator "NA RC"]
[PlyCount "74"]
[EventDate "2022.??.??"]
[TimeControl "60"]

1. d4 d5 2. c4 e6 3. e3 Nf6 4. Nf3 a6 5. Nc3 dxc4 6. Bxc4 b5 7. Bd3 c5 8. O-O Bb7 9. Re1 Nc6 10. dxc5 Bxc5 11. a3 Rc8 12. Ne4 Be7 13. Ng3 O-O 14. Qe2 Ng4 15. Rd1 Qb6 16. Nd4 Nce5 17. Bxh7+ Kxh7 18. f4 g6 19. h3 Nxe3 20. Bxe3 Nc4 21. Bf2 Rfd8 22. Nb3 Qc7 23. Bd4 a5 24. a4 bxa4 25. Rxa4 Ba6 26. Qf2 Rb8 27. Nd2 Rxd4 28. Kh1 Rxd2 29. Rxd2 Nxd2 30. Qxd2 Bb4 31. Qf2 Qc1+ 32. Kh2 Bc5 33. Ne2 Qc2 34. Qh4+ Kg7 35. f5 exf5 36. Nc3 Bd6+ 37. Kh1 Qc1+ 0-1

[Event "44th Chess Olympiad Women 2022"]
[Site "Chennai"]
[Date "2022.08.01"]
[Round "4.28"]
[White "Antonio, Renelsa Taiane"]
[Black "Mordido, Kylen Joy"]
[Result "1/2-1/2"]
[WhiteElo "1471"]
[BlackElo "2023"]
[Annotator "NA RC"]
[PlyCount "49"]
[EventDate "2022.??.??"]
[TimeControl "60"]

1. d4 Nf6 2. Nc3 d5 3. Bf4 g6 4. e3 Bg7 5. h4 h5 6. Bd3 O-O 7. Qe2 c5 8. Qd2 cxd4 9. exd4 Nc6 10. Nf3 Ng4 11. Ne2 Qb6 12. c3 e5 13.
Nxe5 Ncxe5 14. Bxe5 Bxe5 15. f3 Re8 16. fxg4 Bg3+ 17. Kd1 Bxg4 18. Kc2 Bc7 19. Nf4 Qd6 20. Rhf1 Re7 21. g3 Qd7 22. Rae1 Rae8 23. Rxe7 Rxe7 24. Re1 Bxf4 25. Rxe7 1/2-1/2

[Event "44th Chess Olympiad Women 2022"]
[Site "Chennai"]
[Date "2022.08.01"]
[Round "4.28"]
[White "Frayna, Janelle Mae"]
[Black "Caxita, Esperanca"]
[Result "1-0"]
[WhiteElo "2224"]
[BlackElo "1955"]
[Annotator "TA"]
[PlyCount "141"]
[EventDate "2022.??.??"]
[TimeControl "60"]

1. Nf3 Nf6 2. c4 e6 3. g3 d5 4. Bg2 c6 5. Qc2 Nbd7 6. d4 Bd6 7. Nbd2 Qe7 8. O-O O-O 9. e4 dxe4 10. Nxe4 Nxe4 11. Qxe4 Nf6 {[%emt 0:
00:00] E01: Catalan: Early deviations.} 12. Qc2 h6 {[%emt 0:
00:00] [#]} 13. Bd2 $146 ({Predecessor:} 13. b3 c5 14. Bb2
cxd4 15. Nxd4 Bd7 16. Bxb7 Rab8 17. Nc6 Bxc6 18. Bxc6 Rbc8 19. Bg2 {1-0 (35)
Cofman,V (2205)-Pek,I (1815) Untergrombach 2019}) 13... Rd8 {[%emt 0:04:22]
White is better.} 14. Rfd1 Bd7 15. Ne5 Be8 16. Nd3 {[%emt 0:03:33] 0x0.
0019ebf61c0cdp-1022s more active pieces.} Rac8 17. Bc3 b6 18. b4 b5 19. c5 Bb8 20. a4 a6 21. axb5 axb5 22. Ra6 Nd5 23. Bb2 f6 24. Qe2 Bg6 25. Be4 Bf7 26. Re1 Qd7 27. Ra3 Re8 28. Rd1 Re7 29. h4 Qe8 30. Re1 Kf8 31. Ra6 Bh5 32. Qd2 Bg4 33. Ra8 Qh5 34. Qc2 Qe8 35. Bc1 g5 36. Qd2 (36. hxg5 $11 hxg5 37. f4 gxf4 38.
Qh2) 36... Kg7 (36... Bf5 $15) 37. Bg2 (37.
hxg5 $11 hxg5 38. f4) 37... Bf5 38. Be4 (38.
Qe2 $11 {remains equal.}) 38... Bxe4 $17 39. Rxe4 {[%emt 0:00:
00] [#]} Qg6 $1 40. Qe1 f5 (
40... Rce8 $142 41. Ra3 f5) 41. h5 Qf7 42.
Re5 (42. Re2 $142 Rce8 43. f4 (43. Ra6 Qxh5 44. Ne5 Bxe5 $17))
42... Rce8 ({Weaker is} 42... Qxh5 43. Rxe6 Rce8 44. Rxe7+
Rxe7 45. Ne5 Bxe5 46. dxe5 $11) 43. Ra6 Bxe5 (43... Qxh5 $19 {and Black stays clearly on top. And now ...Nf6 would win.} 44.
Qe2 Qh3) 44. Nxe5 Qxh5 45. Nxc6 Rc7 46. Ne5 f4 ({
Black should try} 46... Kg8 $17) 47. g4 $1 $11 Qh4 48. Qe4 {[%emt 0:00:00] Threatens to win with Qg6+.} f3 $2 (48... Qh3 $11) 49. Qg6+ $18 Kf8 50. Rxe6 $2 (50. Ra3 $18) 50... Rxe6 $11 51. Qxe6 {[%emt 0:00:00] Intending Ng6+ and mate. Dancing on a razor blade.}
Qh3 52. Qf5+ Kg8 53. Qe6+ Kh8 (53... Kg7 $5 54. Qg6+ Kh8 55. Qe8+ Kh7 56. Qg6+
Kh8 57. Qe8+ Kh7 58. Qg6+ Kh8 $11) 54. Qe8+ Kg7 (54... Kh7 $5 55. Qg6+ Kh8 56. Qe8+ Kh7 57. Qg6+ Kh8
58. Qe8+ $11) 55. Qg6+ Kf8 (55... Kh8 $5 56. Qe8+ Kh7 57. Qg6+ Kh8 58. Qe8+ $11) 56. Qf5+ Kg7 57. Nxf3 Rf7 58. Qe5+ (58. Nxg5 $1 $11 hxg5
59. Qxd5 (59. Qxg5+ $2 Kh7 $19) 59... Qxg4+ 60. Kf1) 58... Kg6 $2 (58... Nf6 $15 59. Nh2 Qc3) 59. Qe4+ Kg7 60. Ne5 {[%emt 0:00:11] Qg6+ would kill now.} Nf4 {[%emt 0:00:45] Inhibits
Qg6+.} 61. Bxf4 Rxf4 $18 {[%emt 0:00:00] Endgame KQR-KQN} 62.
Qb7+ (62. Qg6+ $142 Kh8 63. Qe6) 62... Kg8 63. Qc8+ Kg7 64. Qd7+ Kg8 65. Qe6+ Kg7 66. d5 $2 (66. c6 $18 Qh4 67. Qe7+ Kg8 68. Qe6+ Kg7 69. Qe7+ Kg8 70. Qe8+
Kg7 71. Qe7+) 66... Qh4 $1 $11 67. Qg6+ Kh8
$2 {[%emt 0:00:45] [#]} (67... Kf8 $11 68. Qc2 Rxg4+ 69. Nxg4 Qxg4+ 70. Kh2
Qf4+ 71. Kg2 Qg4+ 72. Kf1 Qh3+ 73. Ke2 Qg4+ 74. Kf1 Qh3+ 75. Kg1 Qg4+ 76. Kf1)
68. Qc2 $1 $18 Kg7 69. c6 {[%emt 0:00:34]
[%cal Yc5c6,Yc6c7] aiming for c7.} Kf6 70. Qb2 Qh3 71. c7 {[%emt 0:02:10] Quite a comeback for White.
Weighted Error Value: White=0.29 (precise) /Black=0.13 (very precise)} 1-0

[Event "44th Chess Olympiad Women 2022"]
[Site "Chennai"]
[Date "2022.08.01"]
[Round "4.28"]
[White "Junior, Ednasia"]
[Black "Fronda, Jan Jodilyn"]
[Result "0-1"]
[WhiteElo "1849"]
[BlackElo "2181"]
[Annotator "NA RC"]
[PlyCount "78"]
[EventDate "2022.??.??"]
[TimeControl "60"]

1. c4 e6 2. Nc3 d5 3. d4 c6 4. Bf4 Nf6 5. e3 Nbd7 6. Nf3 Be7 7. a3 a5 8. h3 O-O 9. Bd3 dxc4 10. Bxc4 b5 11. Bd3 Bb7 12. O-O Rc8 13. Rc1 h6 14. Bb1 b4 15. axb4 axb4 16. Na4 Qa5 17. Ne5 Rfd8 18. Qc2 c5 19. Nxd7 Rxd7 20. dxc5 Be4 21. Qb3 Bd5 22. Qc2 b3 23. Qe2 Qxa4 24. Rfd1 Rxc5 25. Rxc5 Bxc5 26. e4 Bc4 27. Qe1 Bb4 28. Bd2 Rxd2 29. Rxd2 Qa5 30. Qc1 Bxd2 31. Qxc4 Qa1 32. Qd3 e5 33. Kh2 Qxb2 34. Kg1 Qc1+ 35. Kh2 Qe1 36. Qxb3 Bf4+ 37. g3 Qxf2+ 38. Kh1 Bxg3 39. Qc2 Qf1# 0-1

[Event "44th Chess Olympiad Women 2022"]
[Site "Chennai"]
[Date "2022.08.01"]
[Round "4.28"]
[White "San Diego, Marie Antoinette"]
[Black "Pires, Luzia"]
[Result "1-0"]
[WhiteElo "2101"]
[BlackElo "1842"]
[Annotator "NA RC"]
[PlyCount "85"]
[EventDate "2022.??.??"]
[TimeControl "60"]

1. d4 d5 2. Nf3 Nf6 3. c4 e6 4. Nc3 c6 5. Bg5 Nbd7 6. Qc2 Bd6 7. e3 b6 8. cxd5 exd5 9. Bd3 h6 10. Bh4 Bb7 11. O-O O-O 12. Rfe1 Qc7 13.
Rac1 Rac8 14. Bf5 g5 15. Bg3 Bxg3 16. hxg3 Qd6 17. Ne5 Rce8 18. f4 Kg7 19. Rf1 Bc8 20. Qf2 Ng8 21. g4 f6 22. Nb5 cxb5 23. Rc6 Qb8 24. Nxd7 Qb7 25.
Rfc1 Bxd7 26. Rc7 Qb8 27. Rxd7+ Re7 28. Rxd5 Rfe8 29. e4 Qxf4 30. Qxf4 gxf4 31. Kf2 Rb7 32. Kf3 b4 33. Kxf4 Ree7 34. Rd8 Rec7 35. Rxc7+ Rxc7 36. d5 Rc2 37. d6 Kf7 38. d7 Rd2 39. Ra8 Ne7 40. d8=Q Rd4 41. Qd7 Rxd7 42. Rc8 Rd8 43. Rxd8 1-0

[Event "44th Chess Olympiad Women 2022"]
[Site "Chennai"]
[Date "2022.08.01"]
[Round "4.29"]
[White "Caku, Kler"]
[Black "Borda Rodas, Anapaola S."]
[Result "0-1"]
[WhiteElo "1626"]
[BlackElo "2183"]
[Annotator "NA RC"]
[PlyCount "110"]
[EventDate "2022.??.??"]
[TimeControl "60"]

1. e4 e5 2. Nf3 Nc6 3. d4 exd4 4. Nxd4 Bc5 5. Be3 Qf6 6. c3 Nge7 7. Be2 d5 8. O-O O-O 9. Nxc6 Qxc6 10. Bxc5 Qxc5 11. Nd2 Be6 12. Nb3 Qb6 13. Bf3 Rad8 14. Qc2 c5 15. exd5 Bxd5 16. Bxd5 Nxd5 17. Qe4 Nf6 18. Qc4 Rd5 19. Rad1 Rfd8 20. Rxd5 Rxd5 21. Re1 h6 22. h3 Qd6 23. Qb5 b6 24. Qe2 Rd3 25. Qe7 Qxe7 26. Re3 Qe6 27. Rxe6 Rd1+ 28. Kh2 a5 29. Re7 Rb1 30. a4 Rxb2 31. Rb7 Rxf2 32. Nxa5 Rb2 33. Rxb6 Ra2 34. Rc6 Ne4 35. Nb7 Rxa4 36. Nd6 Nxd6 37. Rxd6 Rc4 38. Rd3 f5 39. Kg3 Kf7 40. Kf3 Ke6 41. Re3+ Kf6 42. Rd3 Ke5 43. Re3+ Re4 44. Rd3 f4 45. Kg4 Re2 46. Kf3 Rc2 47. g3 g5 48. h4 c4 49.
gxf4+ gxf4 50. Rd8 Rxc3+ 51. Kg4 Rg3+ 52. Kh5 c3 53. Re8+ Kd4 54. Rd8+ Ke3 55. Rc8 Kd2 0-1

[Event "44th Chess Olympiad Women 2022"]
[Site "Chennai"]
[Date "2022.08.01"]
[Round "4.29"]
[White "Campos, Maria Jose"]
[Black "Shuqja, Klean"]
[Result "1-0"]
[WhiteElo "2185"]
[BlackElo "1883"]
[Annotator "NA RC"]
[PlyCount "87"]
[EventDate "2022.??.??"]
[TimeControl "60"]

1. c4 Nf6 2. g3 e6 3. Bg2 d5 4. Nf3 Be7 5. O-O O-O 6. b3 d4 7. Bb2 c5 8. b4 Qc7 9. bxc5 e5 10. e3 Bg4 11. Qc1 Bxf3 12. Bxf3 Bxc5 13. exd4 exd4 14. Na3 Nc6 15. Nb5 Qd7 16. Re1 a6 17. Ba3 Bxa3 18. Nxa3 Qf5 19. Bg2 Ng4 20. f3 Nge5 21. f4 Nd7 22. Rb1 Rab8 23. Be4 Qc5 24. d3 Nf6 25. Nc2 Nxe4 26. Rxe4 b5 27. cxb5 Rxb5 28. Ne1 Qc3 29. Qxc3 dxc3 30. Rc1 Rc5 31. Rc4 Rxc4 32. dxc4 Re8 33. Kf1 Nb4 34. a3 Nc6 35. Rxc3 f6 36. Kf2 Re4 37. Nc2 a5 38. Kf3 f5 39. Ne3 Nd4+ 40.
Kf2 g6 41. c5 Re6 42. Rd3 Re4 43. Nd5 Kf7 44. Nc3 1-0